 Dungeon Crawl Stone Soup version 0.23.2-1-ga50397a (webtiles) character file.

Game seed: 4703981851287226935

78662 Fang the Fighter (level 15, -6/151 HPs)
             Began as a Gargoyle Berserker on Apr 23, 2019.
             Was a High Priest of Trog.
             Mangled by a white ugly thing (17 damage)
             ... on level 14 of the Dungeon.
             The game lasted 00:30:00 (21152 turns).

Fang the Fighter (Gargoyle Berserker)              Turns: 21152, Time: 00:30:00

Health: -6/151     AC: 34    Str: 31    XL:     15   Next: 61%
Magic:  15/15      EV: 15    Int: 11    God:    Trog [*****.]
Gold:   1525       SH:  0    Dex: 10    Spells: 14/14 levels left

rFire    . . .     SeeInvis .   a - +9 war axe (flame)
rCold    . . .     Gourm    +   (no shield)
rNeg     + + .     Faith    .   b - +4 chain mail of the Gate {rElec rPois Stlth+}
rPois    ∞         Spirit   .   (no helmet)
rElec    +         Reflect  .   (no cloak)
rCorr    .         Harm     .   q - +2 pair of gloves
MR       +++..                  (no boots)
Stlth    ..........             x - amulet of the gourmand
HPRegen  1.35/turn              D - +1 ring of protection
MPRegen  0.14/turn              F - ring of the Octopus King {rN+ AC+1 EV+1 Str+1 Int+1 Dex+1}

@: berserking (expiring), flying, regenerating, studying Stealth, very quick
A: big wings, negative energy resistance 1, electricity resistance, unbreathing,
petrification resistance, rot immunity, AC +11
a: Stop Flying, Berserk, Trog's Hand, Brothers in Arms, Renounce Religion


You were on level 14 of the Dungeon.
You worshipped Trog.
Trog was extremely pleased with you.
You were very full.

You visited 3 branches of the dungeon, and saw 20 of its levels.
You also visited: Sewer and Bailey.

You collected 1525 gold pieces.

Inventory:

Hand Weapons
 a - a +9 war axe of flaming (weapon)
 m - a +4 antimagic battleaxe
 n - a +2 war axe of electrocution
 z - a +6 antimagic executioner's axe
 E - a +5 broad axe of freezing
 L - a +1 vampiric battleaxe
Armour
 b - the +4 chain mail of the Gate (worn) {rElec rPois Stlth+}
   (You found it on level 4 of the Lair of Beasts)

   It insulates you from electricity.
   It protects you from poison.
   It makes you more stealthy.
 q - a +2 pair of gloves (worn)
 t - the +1 leather armour "Namemaoj" {rN+}
   (You found it on level 5 of the Lair of Beasts)

   It protects you from negative energy.
 J - a +5 plate armour
Jewellery
 i - a +3 ring of strength
 s - an uncursed ring of stealth
 x - an amulet of the gourmand (around neck)
 D - a +1 ring of protection (left hand)
 F - a ring of the Octopus King (right hand) {rN+ AC+1 EV+1 Str+1 Int+1 Dex+1}
   (You took it off an efreet on level 9 of the Dungeon)

   [ring of positive energy]

   It affects your AC (+1).
   It affects your evasion (+1).
   It affects your strength (+1).
   It affects your intelligence (+1).
   It affects your dexterity (+1).
   It protects you from negative energy.
 G - a +4 ring of intelligence
 M - a +2 ring of dexterity {unknown}
Wands
 g - a wand of enslavement (23)
 A - a wand of acid (12)
 K - a wand of flame (22)
Scrolls
 d - 4 scrolls of fog
 j - 3 scrolls of magic mapping
 l - 4 scrolls of fear
 p - 8 scrolls of remove curse
 y - 4 scrolls of blinking
 I - 4 scrolls of teleportation
 O - 2 scrolls of identify
Potions
 e - 11 potions of curing
 f - 2 potions of might
 h - 3 potions of cancellation
 k - 7 potions of haste
 o - 4 potions of mutation
 r - 3 potions of brilliance
 u - a potion of agility
 v - 6 potions of heal wounds
 w - 4 potions of magic
 C - 2 potions of berserk rage
 H - 2 potions of invisibility
Books
 B - a manual of Stealth
Comestibles
 c - 50 rations


   Skills:
 + Level 14.8 Fighting
 + Level 12.7 Axes
 + Level 14.7 Armour
 + Level 11.7 Dodging


You had 14 spell levels left.
You didn't know any spells.
Your spell library was empty.

Dungeon Overview and Level Annotations

Branches:
Dungeon (14/15)            Temple (1/1) D:5            Lair (6/6) D:9
  Swamp (0/4) Lair:4        Snake (0/4) Lair:3        Slime (0/5) Lair:5
 Vaults (0/5) D:13
    Orc: D:9-12

Altars:
Ashenzari
Cheibriados
Fedhas
Gozag
Hepliaklqana
Kikubaaqudgha
Okawaru
Vehumet
Xom
Zin

Annotations:
Lair:6 exclusion: 2 oklob plants


Innate Abilities, Weirdness & Mutations

You are resistant to torment.
Your stone body is resilient. (AC +11)
You are immune to poison.
Your large and strong wings let you fly indefinitely.
You resist negative energy. (rN+)
You are resistant to electric shocks. (rElec)
You can survive without breathing.
You are immune to petrification.
You are immune to rotting.


Message History

Unknown command.
You barely miss the white very ugly thing.
The white very ugly thing is moderately wounded.
You slash the white ugly thing! You burn the white ugly thing.
You slash the brown ugly thing! You burn the brown ugly thing.
You closely miss the white ugly thing. You slice the white very ugly thing!!
You burn the white very ugly thing.
The white very ugly thing is severely wounded.
You slash the white ugly thing! You burn the white ugly thing!
You slash the brown ugly thing! You burn the brown ugly thing.
You slash the white ugly thing! You burn the white ugly thing.
You kill the white ugly thing!
Trog accepts your kill. The white very ugly thing engulfs you.
The white very ugly thing freezes you!!!
* * * LOW HITPOINT WARNING * * *
The white ugly thing trunk-slaps you.
* * * LOW HITPOINT WARNING * * *
The white ugly thing freezes you!
You die...

#..# #.# #####'####
#.. #........# ##.
#........# #.
#........# #.
#........# ##.
#........#######..
####........'........
#...@u..#...########.
###†uu####### #.
#..oGo..# #.
#.#.o.#.# #.
#...#...# ##
#§#§..#.# #.
##.#.#!## #. .#.§!#.
#. #.


You could see a white very ugly thing, 2 ugly things, a glowing orange brain, an
orc wizard and 2 orcs.

Vanquished Creatures
  A fire giant (D:14)
  An orc warlord (Bailey)
  3 entropy weavers (Lair:4)
  A fire dragon (D:13)
  Harold (D:9)
  7 hydras
  2 ghost crabs (Lair:4)
  3 centaur warriors (D:14)
  An anaconda (Lair:6)
  4 death yaks
  5 two-headed ogres
  Urug (Lair:1)
  A deep elf knight (D:14)
  3 fire crabs (Lair:4)
  4 unseen horrors
  A deep elf archer (D:13)
  4 orc knights
  The ghost of Heh the Skirmisher, a novice OpWz of Okawaru (D:6)
  2 deep elf magi (D:13)
  An oklob plant (Lair:3)
  A manticore (D:14)
  11 elephants (Lair:6)
  2 ugly things (D:14)
  5 black mambas
  Joseph (D:10)
  An apocalypse crab (Lair:4)
  4 torpor snails
  14 spiny frogs
  An efreet (D:9)
  A yaktaur (D:14)
  A rime drake (Lair:5)
  2 ice devils (D:13)
  5 komodo dragons
  10 polar bears
  2 trolls (D:9)
  A harpy skeleton (D:14)
  6 slime creatures (D:13)
  5 raiju (Lair:6)
  Grinder (Sewer)
  11 blink frogs
  9 dream sheep
  5 hippogriffs
  A shadow (D:14)
  30 yaks
  A wyvern (D:10)
  6 basilisks
  A hungry ghost (D:13)
  A naga (Lair:3)
  A soldier ant (D:11)
  A soldier ant (shapeshifter) (D:13)
  4 wargs (Lair:6)
  An acid dragon (D:14)
  16 water moccasins
  10 porcupines
  12 hell hounds (Lair:6)
  6 ice beasts
  13 orc warriors
  2 sky beasts
  14 black bears
  A black bear (shapeshifter) (D:14)
  3 phantoms
  A necrophage (D:5)
  16 wolves
  5 ogres
  4 centaurs
  17 crocodiles
  4 big kobolds
  18 bullfrogs
  4 gnoll sergeants
  4 scorpions
  16 killer bees
  4 wights (D:8)
  6 howler monkeys
  3 electric eels
  A centaur zombie (D:8)
  6 crimson imps
  A hound (D:11)
  3 jellies
  2 quasits (Sewer)
  2 bullfrog skeletons
  A gnoll shaman (D:6)
  9 orc priests
  Crazy Yiuf (D:2)
  A centaur skeleton (D:6)
  11 orc wizards
  4 iguanas
  12 worker ants
  A big kobold zombie (Sewer)
  A hound skeleton (D:4)
  Robin (D:4)
  30 gnolls
  A howler monkey skeleton (D:4)
  10 adders
  A river rat (D:4)
  8 shadow imps
  An ufetubus (Sewer)
  An ooze (D:5)
  An adder skeleton (D:8)
  6 worms
  2 dart slugs
  8 leopard geckos
  52 orcs
  6 giant cockroaches
  29 goblins
  25 hobgoblins
  11 jackals
  4 quokkas
  2 ball pythons (D:4)
  6 bats
  4 frilled lizards
  38 kobolds
  A quokka zombie (D:6)
  10 rats
  A butterfly (Lair:1)
  4 fungi
  5 plants
696 creatures vanquished.

Vanquished Creatures (collateral kills)
  An entropy weaver (Lair:4)
  2 centaur warriors (D:13)
  An ogre mage (D:13)
  A two-headed ogre (D:13)
  2 fire crabs (Lair:4)
  An orc knight (D:13)
  A hippogriff (D:13)
  2 orc warriors (Bailey)
  A centaur (D:13)
  An orc priest (D:13)
  An orc wizard (D:13)
  2 worker ants (D:13)
  A gnoll (Bailey)
  An orc (Bailey)
18 creatures vanquished.

Vanquished Creatures (others)
  A big kobold zombie (Sewer)
  A giant cockroach zombie (Sewer)
  A kobold zombie (Sewer)
  5 fungi
  18 plants
26 creatures vanquished.

Grand Total: 740 creatures vanquished

Notes
Turn   | Place    | Note
-------+----------+-------------------------------------------
     0 | D:1      | Fang the Gargoyle Berserker began the quest for the Orb.
     0 | D:1      | Reached XP level 1. HP: 14/14 MP: 1/1
   102 | D:1      | Reached XP level 2. HP: 15/19 MP: 2/2
   825 | D:2      | Reached XP level 3. HP: 20/23 MP: 3/3
  1212 | D:2      | Reached ** piety under Trog
  1487 | D:2      | Found a runed translucent door.
  1488 | D:2      | Noticed Crazy Yiuf
  1675 | D:2      | Killed Crazy Yiuf
  1675 | D:2      | Reached XP level 4. HP: 29/29 MP: 4/4
  1983 | D:3      | Reached XP level 5. HP: 21/33 MP: 5/5
  2316 | D:3      | Found an ancient bone altar of Kikubaaqudgha.
  2937 | D:3      | Found a blossoming altar of Fedhas.
  3571 | D:4      | Found a glowing drain.
  3573 | D:4      | Reached XP level 6. HP: 39/39 MP: 6/6
  3641 | Sewer    | Entered a sewer
  3661 | Sewer    | Reached *** piety under Trog
  3962 | Sewer    | Found a burning altar of Makhleb.
  3982 | Sewer    | Noticed Grinder
  4017 | Sewer    | Killed Grinder
  4017 | Sewer    | Reached skill level 5 in Fighting
  4017 | Sewer    | Reached XP level 7. HP: 23/44 MP: 7/7
  4552 | D:4      | Reached skill level 5 in Armour
  4556 | D:4      | Reached XP level 8. HP: 51/51 MP: 8/8
  4569 | D:4      | Noticed Robin
  4573 | D:4      | Reached **** piety under Trog
  4576 | D:4      | Killed Robin
  4600 | D:4      | Reached skill level 5 in Axes
  4978 | D:5      | Entered Level 5 of the Dungeon
  5186 | D:5      | Found a staircase to the Ecumenical Temple.
  5208 | Temple   | Entered the Ecumenical Temple
  5340 | D:5      | Found a faded altar of an unknown god.
  5340 | D:5      | Found a glowing silver altar of Zin.
  5345 | D:5      | Found a shattered altar of Ashenzari.
  5355 | D:5      | Found a faded altar of an unknown god.
  5356 | D:5      | Found a hazy altar of Hepliaklqana.
  5706 | D:6      | Reached XP level 9. HP: 43/56 MP: 9/9
  5866 | D:6      | Reached skill level 5 in Dodging
  5931 | D:6      | Found a transporter.
  5938 | D:6      | Found a transporter.
  6031 | D:6      | Reached ***** piety under Trog
  6034 | D:6      | Found an iron altar of Okawaru.
  6252 | D:6      | Noticed Heh's ghost (novice OpWz)
  6575 | D:6      | Killed Heh's ghost
  6838 | D:7      | Reached XP level 10. HP: 55/64 MP: 10/10
  7292 | D:7      | Found a shimmering altar of Xom.
  7294 | D:7      | Found an opulent altar of Gozag.
  7294 | D:7      | Found a snail-covered altar of Cheibriados.
  7296 | D:7      | Found a snail-covered altar of Cheibriados.
  7296 | D:7      | Found a radiant altar of Vehumet.
  7296 | D:7      | Found a blossoming altar of Fedhas.
  7787 | D:9      | Found a staircase to the Lair.
  8049 | D:9      | Received a gift from Trog
  8186 | D:9      | Identified a ring of the Octopus King {rN+ AC+1 EV+1 Str+1
                  | Int+1 Dex+1}
  8195 | D:9      | Reached XP level 11. HP: 47/72 MP: 11/11
  8623 | D:9      | Noticed Harold
  8638 | D:9      | Killed Harold
  8674 | D:9      | Reached skill level 10 in Fighting
  9207 | D:10     | Entered Level 10 of the Dungeon
  9245 | D:10     | Noticed Joseph
  9259 | D:10     | Killed Joseph
  9455 | D:10     | Reached ****** piety under Trog
  9490 | D:10     | Killed an unseen horror
  9490 | D:10     | Reached skill level 10 in Armour
  9638 | D:10     | Received a gift from Trog
  9641 | D:10     | Found a flagged portal.
  9652 | Bailey   | Entered a bailey
  9779 | Bailey   | Noticed an orc knight
  9782 | Bailey   | Noticed an orc knight
  9790 | Bailey   | Killed an orc knight
  9803 | Bailey   | Killed an orc knight
 10074 | Bailey   | Noticed an orc knight
 10074 | Bailey   | Noticed an orc warlord
 10087 | Bailey   | Killed an orc knight
 10090 | Bailey   | Killed an orc warlord
 10101 | Bailey   | Reached XP level 12. HP: 20/79 MP: 12/12
 10274 | D:10     | Identified 2 scrolls of acquirement
 10460 | Lair:1   | Entered Level 1 of the Lair of Beasts
 10463 | Lair:1   | Noticed a five-headed hydra
 10465 | Lair:1   | Received a gift from Trog
 10472 | Lair:1   | Killed a one-headed hydra
 10544 | Lair:1   | Noticed a four-headed hydra
 10553 | Lair:1   | Killed a one-headed hydra
 10850 | Lair:1   | Noticed a seven-headed hydra
 10853 | Lair:1   | Noticed Urug
 10858 | Lair:1   | Killed a four-headed hydra
 10867 | Lair:1   | Killed Urug
 11746 | Lair:2   | Reached skill level 10 in Axes
 12258 | Lair:2   | Noticed a death yak
 12258 | Lair:2   | Noticed an eight-headed hydra
 12264 | Lair:2   | Killed a five-headed hydra
 12267 | Lair:2   | Killed a death yak
 12267 | Lair:2   | Reached XP level 13. HP: 86/86 MP: 13/13
 13104 | Lair:3   | Found a staircase to the Snake Pit.
 13552 | Lair:3   | Received a gift from Trog
 14366 | Lair:4   | Found a staircase to the Swamp.
 14435 | Lair:4   | Found a runed translucent door.
 15257 | Lair:4   | Noticed an entropy weaver
 15265 | Lair:4   | Killed an entropy weaver
 15297 | Lair:4   | Reached skill level 10 in Dodging
 15396 | Lair:4   | Noticed an entropy weaver
 15414 | Lair:4   | Killed an entropy weaver
 15531 | Lair:4   | Noticed an entropy weaver
 15555 | Lair:4   | Killed an entropy weaver
 15945 | Lair:4   | Noticed an entropy weaver
 15952 | Lair:4   | Killed an entropy weaver
 15962 | Lair:4   | Gained mutation: Your large and strong wings let you fly
                  | indefinitely. [Gargoyle growth]
 15962 | Lair:4   | Reached XP level 14. HP: 56/94 MP: 14/14
 15970 | Lair:4   | Got an obsidian-encrusted chain mail
 16036 | Lair:4   | Identified the +4 chain mail of the Gate {rElec rPois
                  | Stlth+} (You found it on level 4 of the Lair of Beasts)
 16502 | Lair:5   | Got a bloodstained leather armour
 16513 | Lair:5   | Identified the +1 leather armour "Namemaoj" {rN+} (You
                  | found it on level 5 of the Lair of Beasts)
 16673 | Lair:5   | Found a staircase to the Slime Pits.
 16715 | Lair:5   | Found a dark tunnel.
 17129 | Lair:6   | Entered Level 6 of the Lair of Beasts
 17334 | Lair:6   | Received a gift from Trog
 17372 | Lair:6   | HP: 7/142 [three-headed hydra (4)]
 18191 | Lair:6   | Received a gift from Trog
 18941 | D:11     | Reached XP level 15. HP: 98/100 MP: 15/15
 19009 | D:11     | You are sucked into a shaft for 2 floors!
 19293 | D:13     | Found a gate to the Vaults.
 19457 | D:13     | Found a frozen archway.
 20080 | D:14     | Received a gift from Trog
 20411 | D:14     | Noticed a fire giant
 20416 | D:14     | Killed a fire giant
 21097 | D:14     | Found a runed translucent gate.
 21098 | D:14     | Found a runed translucent gate.
 21098 | D:14     | Found a runed translucent gate.
 21152 | D:14     | Mangled by a white ugly thing

Skill      XL: |  1  2  3  4  5  6  7  8  9 10 11 12 13 14 |
---------------+-------------------------------------------+-----
Axes           | 3 4 5 6 8 9 10 11 12 | 12.7
Dodging        | 2 3 4 5 7 8 9 10 11 | 11.7
Armour         | 3 4 5 6 7 9 10 11 12 14 | 14.7
Fighting       | 4 5 6 8 9 10 12 13 14 | 14.8

Action                   |  1- 3 |  4- 6 |  7- 9 | 10-12 | 13-15 || total
-------------------------+-------+-------+-------+-------+-------++-------
Melee: Hand axe          |   114 |    22 |       |       |       ||   136
       War axe           |       |   188 |   325 |   462 |   789 ||  1764
       Broad axe         |       |       |       |   177 |    22 ||   199
       Unarmed           |       |       |       |       |     1 ||     1
Invok: Berserk           |     1 |     3 |     6 |     3 |    10 ||    23
       Trog's Hand       |       |     1 |     2 |     1 |     7 ||    11
       Brothers in Arms  |       |       |       |     1 |     4 ||     5
 Abil: Fly               |       |       |       |       |     1 ||     1
  Use: Scroll            |       |       |    21 |     9 |    15 ||    45
       Potion            |       |       |     1 |     1 |       ||     2
 Stab: Sleeping          |       |     3 |       |       |       ||     3
       Paralysed         |       |       |       |       |     2 ||     2
       Distracted        |       |       |       |       |     1 ||     1
  Eat: Chunk             |     3 |    10 |     7 |    40 |    53 ||   113
       Ration            |       |       |     3 |       |       ||     3
Armor: Animal skin       |    49 |   149 |     8 |       |       ||   206
       Plate armour      |       |       |   325 |   564 |   225 ||  1114
       Chain mail        |       |       |       |       |   478 ||   478
Dodge: Dodged            |    64 |   222 |   207 |   399 |   642 ||  1534
